AoeStats
← [GDL] Maldito Pantoja

African Clearing

505106506Analyzed
4v4 RM · 25d ago on Sep 7, 2026· 28m 1s· 8 players
Game mode
Random Map
Map size
Large (8 player)
Population
200
Speed
Normal
Resources
Standard
Victory
Conquest
Starting age
Dark Age
Ending age
Imperial Age
RankedLock teamsTeams togetherTeam positionsShared explorationLock speedFull tech treeHidden civsTurbo modeCheats
Victory
Defeat
🇦🇷 Maya · Argentina
1486
+11
🇵🇪 Chinese · Peru
1466
+12
🇲🇽 Khmer · Mexico
1454
+13
🇨🇴 Koreans · Colombia
1369
+16
🇨🇴 Spanish · Colombia
1405
-14
🇹🇷 Bohemians · Türkiye
1385
-13
🇲🇽 Maya · Mexico
1375
-13
🇦🇷 Cumans · Argentina
1357
-12
[GDL] Maldito Pantoja
3:08 Loom
13:12 Feudal Age
16:53 Fletching
17:03 Padded Archer Armor
23:03 Castle Age
PapusPopus
9:54 Loom
11:54 Feudal Age
15:16 Double-Bit Axe
21:39 Castle Age
19:45 Horse Collar
21:21 Bloodlines
22:06 Gold Mining
23:34 Bow Saw
27:15 Scale Barding Armor
hirax34
7:28 Loom
13:24 Feudal Age
19:05 Castle Age
17:34 Double-Bit Axe
20:12 Bow Saw
20:37 Horse Collar
24:01 Wheelbarrow
23:35 Heavy Plow
26:24 Pikeman
27:05 Squires
[MLTS] RKotzen
9:40 Loom
12:29 Feudal Age
12:58 Double-Bit Axe
16:03 Horse Collar
20:21 Scale Barding Armor
27:29 Castle Age
25:46 Fletching
AnuBis Killer
6:32 Loom
13:03 Feudal Age
19:47 Castle Age
18:35 Horse Collar
19:29 Bloodlines
19:12 Double-Bit Axe
20:34 Husbandry
25:47 Scale Barding Armor
DL | Dionisio_-_
3:28 Loom
13:06 Feudal Age
14:14 Double-Bit Axe
17:16 Fletching
26:24 Castle Age
26:32 Crossbowman
27:08 Bodkin Arrow
Cyndaquil
11:43 Loom
14:32 Feudal Age
15:46 Town Watch
18:34 Castle Age
16:55 Double-Bit Axe
18:09 Fletching
19:26 Bow Saw
20:54 Bodkin Arrow
23:55 Padded Archer Armor
25:48 Ballistics
27:09 Fishing Lines
28:29 Wheelbarrow
27:57 Gillnets
Alex Kriz Froz
3:30 Loom
12:14 Feudal Age
12:50 Double-Bit Axe
16:12 Scale Barding Armor
16:17 Forging
18:38 Wheelbarrow
17:50 Horse Collar
19:36 Bloodlines
25:26 Castle Age
26:38 Bow Saw
26:30 Heavy Plow
27:21 Hand Cart
28:07 Chain Barding Armor
27:39 Fletching
27:50 Padded Archer Armor
28:14 Town Watch
28:28 Bodkin Arrow
Connection lost

Rejoining the realm…

Still unreachable

The connection could not be restored.

Session expired

The server has moved on; the page needs a fresh start.